Cogmind - Beta 14 @@@ ROGUE MODE // 2025.03.15 @ 14:22:16 Player: Pepsi Result: Destroyed by H-61 Shepherd with Heavy Assault Cannon Performance ------------- Evolutions (2) 1000 Regions Visited (3) 600 Robots Destroyed (68) 340 Value Destroyed (1617) 1617 Prototype IDs (3) 60 Alien Tech Used (0) 0 Bonus (99) 99 TOTAL SCORE: 3716 Bonus ------- High Alert Combat Kills 99 Cogmind --------- Core Integrity 0/550 Matter 91/300 Energy 18/100 System Corruption 5% Temperature Cool (45) Movement Walking (120) Location -8/Materials Parts ------- > --- POWER (2) -------- (None) > --- PROPULSION (2) --- Aluminum Leg > --- UTILITY (5) ------ (None) > --- WEAPON (2) ------- Field Laser > --- INVENTORY (5) ---- Aluminum Leg Wheel Transport Network Coupler Heavy Particle Cannon Improved Grenade Launcher Peak State ------------ > --- POWER ------------ Improved Ion Engine Cooled Ion Engine > --- PROPULSION ------- VSS Leg VSS Leg > --- UTILITY ---------- Small Storage Unit Transport Network Coupler ECM Suite > --- WEAPON ----------- Field Laser Flail > --- INVENTORY -------- VSS Leg Transport Network Coupler Field Laser Field Laser Rocket Launcher Rocket Launcher [Rating: 20] Favorites ----------- Power Cooled Ion Engine Engine Cooled Ion Engine Power Core Light Nuclear Core Propulsion Aluminum Leg Treads Light Treads Leg Aluminum Leg Wheel Wheel Utility ECM Suite Device ECM Suite Storage Small Storage Unit Processor Transport Network Coupler Protection Reactive Plating Weapon Medium Laser Energy Gun Medium Laser Energy Cannon Heavy Particle Cannon Ballistic Gun Assault Rifle Launcher Rocket Launcher Impact Weapon Flail Build | -11 -10 -9 -8 ------- Run | Yrd Mat Mat Mat Slots Evolved 4 | . . 2 2 Power 1 | . . . 1 Propulsion . | . . . . Utility 3 | . . 2 1 Weapon . | . . . . Parts Attached 64 | 6 8 30 20 Power 7 | 1 1 3 2 Engine 5 | 1 . 3 1 Core 2 | . 1 . 1 Reactor . | . . . . Propulsion 16 | 3 3 5 5 Treads 1 | . . . 1 Leg 12 | 1 3 5 3 Wheel 3 | 2 . . 1 Hover . | . . . . Flight . | . . . . Utility 8 | 1 1 5 1 Device 5 | . 1 4 . Storage 1 | 1 . . . Processor 1 | . . 1 . Hackware . | . . . . Protection 1 | . . . 1 Artifact . | . . . . Weapon 33 | 1 3 17 12 Energy Gun 13 | 1 1 6 5 Energy Cannon 1 | . . . 1 Ballistic Gun 6 | . 2 4 . Ballistic Cannon . | . . . . Launcher 12 | . . 6 6 Special Weapon . | . . . . Impact Weapon 1 | . . 1 . Slashing Weapon . | . . . . Piercing Weapon . | . . . . Special Melee Weapon . | . . . . Unidentified Prototypes 3 | . . 3 . Parts Lost 31 | . 2 9 20 Power 5 | . . 2 3 Propulsion 8 | . 1 2 5 Utility 6 | . . 2 4 Weapon 12 | . 1 3 8 Highest Loss Streak 14 | . 1 5 14 To Critical Strikes . | . . . . Average Slot Usage (%) 84 | . 96 92 44 Engine 8 | . 7 9 4 Core 2 | . 6 1 . Leg 19 | . 23 21 7 Wheel 1 | . 4 . . Device 18 | . 10 25 2 Storage 10 | . 14 11 2 Processor 3 | . . 2 8 Energy Gun 9 | . 14 8 5 Ballistic Gun 5 | . 13 5 . Launcher 4 | . . 5 5 Impact Weapon 1 | . . . 3 Peak Build Rating 20 | 5 9 18 20 Average Rating 11 | 3 7 14 10 On Entrance 7 | . 5 9 16 Naked Turns . | . . . . Heaviest Build 27 | 12 15 25 27 Greatest Support 24 | 20 20 24 24 Greatest Overweight (x) 5 | 2 1 2 5 Average Overweight (x) . | . . . 1 Largest Inventory Capacity 8 | 8 8 8 8 Average Capacity 7 | 5 8 8 5 Most Carried 8 | 5 8 8 7 Average Carried 6 | 2 5 7 3 Final Capacity 8 | 8 8 8 5 Final Carried 8 | 5 8 8 5 Class Distribution -------------------- 85% | Mutant 14% | Scavenger-Mutant Dominant Class ---------------- Mutant | -10/Materials Mutant | -9/Materials Mutant | -8/Materials Resources | -11 -10 -9 -8 ----------- Run | Yrd Mat Mat Mat Matter Collected 1082 | 210 219 605 48 Remotely . | . . . . Salvage Created 1669 | . 494 837 338 Parts 110 | . 35 61 14 Haulers Intercepted 7 | . 2 4 1 Recyclers Shooed 1 | . 1 . . Parts Field Recycled . | . . . . Retrieved Matter . | . . . . Parts Self-Destructed . | . . . . Prevented . | . . . . Kills | -11 -10 -9 -8 ------- Run | Yrd Mat Mat Mat Combat Hostiles Destroyed 44 | . 11 22 11 Melee 1 | . . 1 . Guns 21 | . 11 9 1 AOE 21 | . . 12 9 Classes Destroyed 11 | . 5 5 1 Worker 2 | . 1 1 . Builder 5 | . . 5 . Tunneler 1 | . . . 1 Hauler 7 | . 2 4 1 Recycler 2 | . . 2 . Mechanic 1 | . . 1 . Operator 2 | . 1 1 . Watcher 4 | . . 3 1 Swarmer 15 | . 3 12 . Grunt 22 | . 8 5 9 Sentry 7 | . . 5 2 Best Kill Streak 7 | . 7 5 7 Combat Bots Only 7 | . 7 5 6 Max Kills in Single Turn 5 | . 1 5 3 Gunslinging . | . . . . Exploded 4 | . . 4 3 Melee 1 | . . 1 . Uniques/NPCs Destroyed . | . . . . Combat | -11 -10 -9 -8 -------- Run | Yrd Mat Mat Mat Hostile Shots Fired 427 | . 57 160 210 Missed 138 | . 19 44 75 Damage Taken 4110 | . 425 1519 2166 Core 948 | . 72 302 574 Absorbed by Shields . | . . . . Regen/Repaired (Parts) 54 | . . 54 . Core Remaining (%) 65 | 100 71 24 . Volleys Fired 164 | . 43 88 33 Largest 2 | . 2 2 2 Hottest 126 | . 100 89 126 Shots Fired 246 | . 86 125 35 Gun 209 | . 86 104 19 Cannon . | . . . . Launcher 37 | . . 21 16 Special . | . . . . Kinetic 104 | . 38 66 . Thermal 105 | . 48 38 19 Explosive 37 | . . 21 16 Electromagnetic . | . . . . Robot Hit Streak 16 | . 16 7 5 Robot Miss Streak 7 | . 3 7 2 Penetration Max . | . . . . Secondary Targets 1 | . . 1 . Max Gunslinging Chain 1 | . . 1 . Shots Hit Robots 154 | . 59 69 26 Core Hits 115 | . 28 52 35 Critical Kills 1 | . 1 . . Critical Parts Destroyed 3 | . . . 3 Critical Strikes 11 | . 8 . 3 Burn 7 | . 7 . . Destroy 1 | . 1 . . Smash 3 | . . . 3 Melee Attacks 16 | . . 4 12 Impact 16 | . . 4 12 Slashing . | . . . . Piercing . | . . . . Sneak Attacks 3 | . . 3 . Combat Hostiles . | . . . . Follow-up Attacks . | . . . . Damage Inflicted 4977 | . 789 2468 1720 Guns 1847 | . 770 903 174 Cannons . | . . . . Explosions 2477 | . . 1199 1278 Melee 520 | . . 263 257 Ramming 133 | . 19 103 11 Kinetic 834 | . 321 513 . Thermal 1082 | . 449 459 174 Explosive 2408 | . . 1130 1278 Electromagnetic . | . . . . Impact 520 | . . 263 257 Slashing . | . . . . Piercing . | . . . . Highest Corruption 5 | . 1 . 5 Average Corruption 1 | . 1 . 3 Corruption Purged . | . . . . Corruption Blocked . | . . . . Effects 10 | . 4 . 6 Message Errors 3 | . . . 3 Matter Fused 2 | . 2 . . Heat Flow Errors 1 | . 1 . . Energy Discharges 1 | . 1 . . Data Loss (minor) 1 | . . . 1 Data Loss (major) 1 | . . . 1 Weapon Failures 1 | . . . 1 Overload Shots . | . . . . Overflow Damage 206 | . . 47 159 Projectiles . | . . . . Explosions 86 | . . 47 39 Melee 120 | . . . 120 Knockbacks 4 | . . 1 3 Impact 4 | . . 1 3 Kinetic . | . . . . Secondary . | . . . . Self-Inflicted Damage 251 | . . 190 61 Shots 10 | . . 8 2 Rammed 5 | . . . 5 Targets Rammed 51 | . 11 30 10 Kicked 46 | . 11 30 5 Crushed . | . . . . Highest Temperature 234 | . 234 42 64 Average Temperature 40 | . 59 17 20 Received Heat Transfer 1746 | . 174 429 1143 Siege Activations . | . . . . Robots Corrupted 3 | . . 1 2 Combat Hostiles 1 | . . . 1 Parts Fried 3 | . . 1 2 Impact Corruptions 7 | . . 2 5 Robots Melted . | . . . . Combat Hostiles . | . . . . Parts Melted 2 | . 1 1 . Heat Transferred 3195 | . 1850 938 407 Parts Sabotaged . | . . . . Parts Stolen . | . . . . Parts Stripped . | . . . . Power Chain Reactions . | . . . . Alert | -11 -10 -9 -8 ------- Run | Yrd Mat Mat Mat Peak Influence 578 | . 290 569 578 Initial 206 | . . 40 206 Average 246 | . 165 238 425 Maximum Alert Level 2 | . 1 2 2 Low Security (%) 41 | 100 49 48 . Level 1 31 | . 50 23 40 Level 2 26 | . . 27 59 Level 3 . | . . . . Level 4 . | . . . . Level 5 . | . . . . High Security . | . . . . Max Security . | . . . . Squads Dispatched 9 | . 1 2 6 Investigation 2 | . 1 1 . Extermination . | . . . . Reinforcement 4 | . . 1 3 Assault . | . . . . Garrison 3 | . . . 3 Intercept . | . . . . Searches Triggered . | . . . . Construction Impeded 1 | . . . 1 Haulers Reinforced . | . . . . Active Scanning Responses . | . . . . Cargo Convoy Interrupts . | . . . . Stealth | -11 -10 -9 -8 --------- Run | Yrd Mat Mat Mat Distress Signals 6 | . 1 3 2 Communications Jammed . | . . . . Distress Signals . | . . . . Times Spotted 72 | . 15 35 22 Peak Tracking Total 8 | . 8 5 8 Tactical Retreats 3 | . . 2 1 Traps | -11 -10 -9 -8 ------- Run | Yrd Mat Mat Mat Traps Triggered 3 | . 1 1 1 Indirectly . | . . . . Trap Hack Attempts . | . . . . Triggered . | . . . . Disarmed . | . . . . Reprogrammed . | . . . . Reused . | . . . . Traps Extracted . | . . . . Installed . | . . . . Triggered . | . . . . Machines | -11 -10 -9 -8 ---------- Run | Yrd Mat Mat Mat Machines Disabled 8 | . . 4 4 Max in Single Turn 2 | . . 1 2 Machines Repaired . | . . . . Machines Dismantled . | . . . . Machines Sabotaged . | . . . . Overloaded Fab Kills . | . . . . Hacking | -11 -10 -9 -8 --------- Run | Yrd Mat Mat Mat Machines Accessed 5 | . 1 4 . Terminals 3 | . . 3 . Fabricators . | . . . . Repair Stations 1 | . . 1 . Recycling Units 1 | . 1 . . Scanalyzers . | . . . . Garrison Access . | . . . . Total Hacks 20 | . 4 16 . Successful 5 | . 1 4 . Failed 15 | . 3 12 . Catastrophic 3 | . 1 2 . Database Lockouts . | . . . . Manual . | . . . . Terminals 8 | . . 8 . Fabricators . | . . . . Repair Stations 8 | . . 8 . Recycling Units 4 | . 4 . . Scanalyzers . | . . . . Garrison Access . | . . . . Terminal Hacks 1 | . . 1 . Locate Traps 1 | . . 1 . Fabricator Hacks . | . . . . Repair Station Hacks 3 | . . 3 . Scan Component 2 | . . 2 . Repair 1 | . . 1 . Recycling Unit Hacks 1 | . 1 . . Retrieve Components 1 | . 1 . . Scanalyzer . | . . . . Garrison Access Hacks . | . . . . Unauthorized Hacks . | . . . . Terminals . | . . . . Fabricators . | . . . . Repair Stations . | . . . . Recycling Units . | . . . . Scanalyzers . | . . . . Garrison Access . | . . . . Data Cores Recovered 1 | . 1 . . Used . | . . . . Hacking Detections 4 | . 1 3 . Full Trace Events 3 | . 1 2 . Feedback Events . | . . . . Feedback Blocked . | . . . . Robot Schematics Acquired . | . . . . Robots Built . | . . . . Authchips . | . . . . Time . | . . . . Total Robot Build Rating . | . . . . Part Schematics Acquired . | . . . . Parts Built . | . . . . Authchips . | . . . . Time . | . . . . Total Part Build Rating . | . . . . Parts Repaired 1 | . . 1 . Time 32 | . . 32 . Parts Recycled . | . . . . Recycled Matter . | . . . . Retrieved Matter . | . . . . Retrieved Components 10 | . 10 . . Parts Scanalyzed . | . . . . Part Schematics Acquired . | . . . . Parts Damaged . | . . . . Bothacking | -11 -10 -9 -8 ------------ Run | Yrd Mat Mat Mat Used RIF Installer . | . . . . Robots Hacked . | . . . . Non-combat . | . . . . Combat . | . . . . Robot Hacks Applied . | . . . . Relay Couplers Released . | . . . . Fabnet Peak Effective % . | . . . . Robots Rewired . | . . . . Allies Hacked . | . . . . Hacks Repelled . | . . . . Allies | -11 -10 -9 -8 -------- Run | Yrd Mat Mat Mat Total Allies . | . . . . Largest Group . | . . . . Highest-Rated Group . | . . . . Highest-Rated Ally . | . . . . Total Orders . | . . . . Ally Attacks . | . . . . Total Damage . | . . . . Kills . | . . . . Allies Corrupted . | . . . . Allies Melted . | . . . . Intel | -11 -10 -9 -8 ------- Run | Yrd Mat Mat Mat Robot Analysis Total . | . . . . Derelict Logs Recovered . | . . . . Drone Launches . | . . . . Drone Recoveries . | . . . . Exploration | -11 -10 -9 -8 ------------- Run | Yrd Mat Mat Mat Turns Passed 2360 | 76 522 1355 407 Spaces Moved 1324 | 75 316 771 162 Core 80 | 14 . . 66 Treads 10 | . . . 10 Legs 1104 | 4 247 771 82 Wheels 130 | 57 69 . 4 Hover . | . . . . Flight . | . . . . Fastest Speed 50 | 50 80 90 50 Average Speed 125 | 83 111 129 156 Slowest Speed 300 | 150 120 260 300 Overloaded Moves . | . . . . Propulsion Burnouts . | . . . . Robots Hopped . | . . . . Cave-ins Triggered . | . . . . Exploration Rate (%) 33 | 4 57 53 21 Regions Visited 3 Branch Regions . Pre-discovered Areas . | . . . . Known Exits Taken . | . . . . Unknown Exits Taken 3 | 1 1 1 . Scrap Searched . | . . . . Spaces Dug 6 | . . 6 . Terrain Destroyed 344 | . . 201 143 Melee . | . . . . Projectile . | . . . . AOE 344 | . . 201 143 Terrain Rammed . | . . . . Walls Destroyed . | . . . . Machines Disabled . | . . . . Actions | -11 -10 -9 -8 --------- Run | Yrd Mat Mat Mat Total 1738 | 86 399 1001 252 Wait 48 | . 6 34 8 Move 1321 | 74 315 770 162 Hop . | . . . . Pick Up 33 | 5 9 16 3 Fast Attach 26 | 5 1 10 10 Attach 27 | 1 5 13 8 Detach 16 | 1 2 9 4 Swap 11 | . 2 7 2 Drop 25 | . 5 20 . Fire 164 | . 43 88 33 Melee 16 | . . 4 12 Ram 5 | . . . 5 Kick 46 | . 11 30 5 Crush . | . . . . Escape Stasis . | . . . . Rewire . | . . . . Trap . | . . . . Miscellaneous . | . . . . Route ------- -11/Scrapyard -10/Materials (discovered 3 exits: *Mat x2 / [*Min]) -9/Materials (discovered 2 exits: *Mat / [*Min]) -8/Materials History --------- Turn | Location | Event 20 | -11/Scrapyard | Discovered new exit (range 15) 77 | -11/Scrapyard | Entered Materials 210 | -10/Materials | Destroyed 7 combat bots 323 | -10/Materials | Build established: Mutant 341 | -10/Materials | Discovered new exit (range 8) 370 | -10/Materials | Discovered new exit (range 13) 530 | -10/Materials | Discovered new exit (range 10) 599 | -10/Materials | Entered another Materials area 599 | -9/Materials | Evolved 2 slots: Utility x2 723 | -9/Materials | Discovered new exit (range 6) 1355 | -9/Materials | Repaired Rocket Launcher 1464 | -9/Materials | Discovered new exit (range 11) 1659 | -9/Materials | Core integrity fell below 50% 1782 | -9/Materials | Lost 5 parts (1p1n1u2w) 1954 | -9/Materials | Entered another Materials area 1954 | -8/Materials | Evolved 2 slots: Power x1, Utility x1 2040 | -8/Materials | Garrison activated, responded to threat 2132 | -8/Materials | Core integrity fell below 50% 2154 | -8/Materials | Core integrity fell below 20% 2166 | -8/Materials | Lost 14 parts (3p3n2u6w) 2357 | -8/Materials | Lost 5 parts (1n2u2w) 2361 | -8/Materials | Destroyed by H-61 Shepherd with Heavy Assault Cannon Last Messages --------------- 02328_ U-05 Engineer builds a Wall. 02328_ K-01 Serf collects debris. 02337_ Slug penetrates Wall. 02338_ Acquired Aluminum Leg. 02339_ W-25 Informer destroyed. 02340_ K-01 Serf collects debris. 02340_ Acquired Aluminum Leg. 02341_ U-05 Engineer lays Concrete. 02343_ U-05 Engineer builds a Wall. 02347_ MZDJ N77|A>%&YG/3BAPYWZTF||T% 02347_ Acquired Hvy. Particle Cannon. 02353_ Kicked U-05 Engineer. 02355_ ALERT: Hostiles spotted, dispatching reinforcements to Terminal M006. 02356_ G-47 Trooper destroyed. 02357_ Slug penetrates Wall. 02358_ Material Processor disabled. 02360_ Slug penetrates Wall. 02360_ VSS Leg destroyed. 02360_ Critical hit (Burn: +37). Map ----- +----------------------------------------------------+ | ??????????????????????###########????????????????? | | ????????#####?????????# #????????????????? | | ??####### # ##????????# #????????????????? | | ### ## T" #######??# #???######???????? | | #??# #???# #????#### | | #??# ###?# ^#????# | | #### ### ^###### | | + T | | # ###### | | % #####"#### # ##???# | | =% # #???#### | | #####+######+###### ## ##[ ## ##?????? | | # T # ## | # #?????? | | # = # """ ## ######### # # ##?????? | | # # """ ##% ############+# #??????? | | # # """ ## # ! [ """#??????? | | # """"" # ## # """ # Y"#??????? | | # """"" # ## # "G" # """#??????? | | # """"" ######### # !!! " " # #??????? | | # [#??????## %# !! #######??????? | | ###########????? # + !! ! #????????????? | | ?????????????? # ############# #????????????? | | ????????????? # # ####????????????? | | ???????????? ##%!=## % """ #???????????????? | | ??????????? # %% # """""????????????????? | | ??????????? # = #=@ """""#???????????????? | | ??????????? + gg% """#???????????????? | | ????????????? # !=; """ #???????????????? | | ??????????????? # # #???????????????? | | ??????????????? ?##whH## ! #???????????????? | | ??????????????# ? ; ## #########???????????????? | | ??????????????# #; ####???????????????????????? | | ??????????????##?## ???????????????????????????? | | ??????????????????# ???????????????????????????? | | ??????????????????# ???????????????????????????? | | ??????????????????# ???????????????????????????? | | ?????????????????? ???????????????????????????? | | ?????????????????? ???????????????????????????? | | ?????????????????? ???????????????????????????? | | ?????????????????? ????????????????????????????? | | ???????????????????? ????????????????????????????? | | ?????????????????????????????????????????????????? | | ?????????????????????????????????????????????????? | | ?????????????????????????????????????????????????? | | ?????????????????????????????????????????????????? | | ?????????????????????????????????????????????????? | | ?????????????????????????????????????????????????? | | ?????????????????????????????????????????????????? | | ?????????????????????????????????????????????????? | | ?????????????????????????????????????????????????? | +----------------------------------------------------+ Best States ------------- Heat Dissipation 38 Energy Generation 21 Energy Capacity 445 Matter Stores 300 Matter Capacity 300 Sight Range 16 Terrain Scan Density 10 ECM Strength 2 Armor Coverage 150 Resistance: KI 20 Evasion (%) 57 Recoil Reduction 1 Item Schematics ----------------- None Robot Schematics ------------------ None Fabricated ------------ Nothing Alien Tech Used ----------------- None Achievements -------------- None Challenges ------------ None Game ------ Seed ReflectiveWaveComputer Manual? 0 Play Time 00:31:55 Cumulative 11.5 hours Start 2025.03.15 @ 13:50:19 End 2025.03.15 @ 14:22:16 Sessions 1 Manual Loads 0 Difficulty Rogue Special Mode None Game No. 23 Rogue 23 Adventurer 0 Explorer 0 Win Type - Total 0 Types 0/0/0/0/0/0/0/0/0 Lore% 7 Gallery% 15 Achievement% 14 Wizard Run 0 Options --------- Layout 0 ASCII 0 Keyboard 1 Movement Vi Keybinds 0 Fullscreen 2 Font 24/Tamsyn Map View 76x50 Zoom Use 0% Tactical HUD 1 Map Filters NONE Filters NONE Steam 1 RUN: 5e678a14-a4d9-43c0-a79c-0dd85082b531